 Dungeon Crawl Stone Soup version 0.29-a0-284-gf9362112df (webtiles) character file.

Game seed: 3589863483445384334

66 drugrobin the Chopper (level 3, 0/30 HPs)
             Began as a Demigod Fighter on Mar 22, 2022.
             Slain by an iguana (4 damage)
             ... on level 3 of the Dungeon.
             The game lasted 00:03:55 (2395 turns).

drugrobin the Chopper (Demigod Fighter)             Turns: 2395, Time: 00:03:55

Health: 0/30       AC: 11    Str: 21    XL:     3   Next: 69%
Magic:  5/5        EV:  5    Int: 10    God:
Gold:   225        SH:  9    Dex: 13    Spells: 2/2 levels left

rFire   . . .      SeeInvis .   a - +0 broad axe
rCold   . . .      Faith    .   c - +0 buckler
rNeg    . . .      Spirit   .   k - +0 plate armour
rPois   .          Reflect  +   (no helmet)
rElec   .          Harm     .   (no cloak)
rCorr   .          Rampage  .   (no gloves)
Will    .....                   (no boots)
Stlth   ..........              h - amulet of reflection
HPRegen 0.10/turn               l - ring of flight
MPRegen 0.09/turn               (no ring)

@: flying
A: high MP 1, forlorn, divine attributes
a: no special abilities


You were on level 3 of the Dungeon.
You visited 1 branch of the dungeon, and saw 3 of its levels.

You collected 225 gold pieces.

Inventory:

Hand Weapons
 a - a +0 broad axe (weapon)
 p - a +0 war axe
 s - a +0 hand axe
Missiles
 e - 116 stones (quivered)
Armour
 b - a +0 scale mail
 c - a +0 buckler (worn)
 k - a +0 plate armour (worn)
Magical Staves
 f - a staff of poison
Jewellery
 h - an amulet of reflection (around neck)
 l - a ring of flight (left hand)
 n - a ring of magical power
Scrolls
 g - a scroll of amnesia {unknown}
 j - 3 scrolls of identify {unknown}
 o - 3 scrolls of fear {unknown}
 q - a scroll of brand weapon {unknown}
 r - a scroll of magic mapping {unknown}
Potions
 d - a potion of might
 i - a potion of lignification {unknown}
 m - 2 potions of heal wounds {unknown}


   Skills:
 - Level 2.6 Fighting
 + Level 3.9 Axes
 - Level 2.6 Armour
 - Level 2.6 Shields


You had 2 spell levels left.
You didn't know any spells.
Your spell library contained the following spells:

 Spells                   Type           Power      Damage    Failure   Level
 Corpse Rot               Necr/Air       0%         N/A       100%        2
 Poisonous Vapours        Pois/Air       0%         N/A       100%        2
 Call Canine Familiar     Summ           0%         N/A       100%        3
 Portal Projectile        Hex/Tloc       0%         N/A       100%        3
 Leda's Liquefaction      Hex/Erth       0%         N/A       100%        4


Dungeon Overview and Level Annotations

Branches:
Dungeon (3/15)


Innate Abilities, Weirdness & Mutations

You have an increased reservoir of magic. (+10% MP)
You shall have no god before yourself.
Your divine heritage dramatically boosts your attributes as you level up.


Message History

Unknown command.
The quokka barely misses you. The quokka closely misses you.
You barely miss the quokka. You block the quokka's attack.
You barely miss the quokka. The quokka barely misses you. x2
You slash the quokka!
You kill the quokka!
Found an opulent altar of Gozag.
There is an opulent altar of Gozag here.
j - 3 scrolls labelled XUNICU CAOKK (gained 1)
An iguana comes into view.
The iguana hisses angrily.
Unknown command.
You hit the iguana.
The iguana is moderately wounded.
The iguana bites you. x2
You hit the iguana but do no damage.
The iguana is moderately wounded.
The iguana completely misses you.
You closely miss the iguana.
The iguana is moderately wounded.
You block the iguana's attack. The iguana bites you!
You closely miss the iguana.
The iguana is moderately wounded.
The iguana bites you.
Unknown command.
Unknown command.
You hit the iguana.
The iguana is severely wounded.
The iguana bites you.
* * * LOW HITPOINT WARNING * * *
Unknown command.
Unknown command.
Unknown command.
Unknown command.
You barely miss the iguana.
The iguana is severely wounded.
The iguana bites you.
* * * LOW HITPOINT WARNING * * *
The iguana bites you.
You die...

#.# #.#.#
##.....##. #.#
#.#.# #.8...8.#.
... ..#>#
###.......#. ###
....# #....._.....
..######
#.#.......## #.
...## #.#.8...8.#
## ...
###.##.....##
#.#.####....###.###
#...@...........#
###l####.......##
... ###...### ####
#...# #####


You could see an iguana.

Vanquished Creatures
  2 adders (D:2)
  2 dart slugs
  4 endoplasms
  A giant cockroach (D:2)
  7 goblins
  5 hobgoblins
  8 kobolds
  2 quokkas
  3 ball pythons
  3 bats
  3 frilled lizards
  3 rats
43 creatures vanquished.

Notes
Turn   | Place    | Note
-------+----------+-------------------------------------------
     0 | D:1      | drugrobin the Demigod Fighter began the quest for the Orb.
     0 | D:1      | Reached XP level 1. HP: 18/18 MP: 3/3
    99 | D:1      | Reached skill level 2 in Axes
   805 | D:2      | Reached XP level 2. HP: 25/25 MP: 4/4
  1095 | D:2      | Reached skill level 3 in Axes
  1217 | D:2      | Reached XP level 3. HP: 29/30 MP: 5/5
  2395 | D:3      | Slain by an iguana

Illustrated notes

Levels and vault maps discovered:
D:1:      psy_arrival_statuary, layout_basic, grunt_decor_mini_mirrors
D:2:      layout_rooms, hellmonk_ecumenical_altar_arch_garden, basic_altar,
          kennysheep_potato
D:3:      layout_loops_ring, grunt_gozag_statues, tso_altar

Skill      XL: |  1  2 |
---------------+-------+-----
Axes           | 2 3 |  3.9
Fighting       | |  2.6
Armour         | |  2.6
Shields        | |  2.6

Action                   || total
-------------------------++-------
Melee: War axe           ||   109
       Broad axe         ||    30
       Staff             ||     6
Throw: Stone             ||     8
Armor: Scale mail        ||    39
       Plate armour      ||    23
Dodge: Dodged            ||    39
Block: Buckler           ||    59
       Reflection        ||     1

Table legend: (Time is in decaauts)
 A = Elapsed time spent in this place.
 B = Non-inter-level travel time spent in this place.
 C = Inter-level travel time spent in this place.
 D = Time resting spent in this place.
 E = Time spent auto-exploring this place.
 F = Levels seen in this place.
 G = Mean time per level.
                   A        B        C        D        E       F      G
               +--------+--------+--------+--------+--------+-----+--------+
         Total |   2451 |   2361 |     90 |    252 |   1490 |   3 |  817.0 |
       Dungeon |   2451 |   2361 |     90 |    252 |   1490 |   3 |  817.0 |
               +--------+--------+--------+--------+--------+-----+--------+

Top non-repeatable levels by time:
     D:2: 1170 daAuts
     D:1: 811 daAuts
     D:3: 470 daAuts
